Match 47195097
Unlisted

Match 47195097
End
Construct Weapon Support Center
Selects Armored Battlegroup
M1919 Machine Gun Team
Selects Assault Engineers
Assault Engineer Squad
M1919 Machine Gun Team
Assault Engineer Squad
Bazooka Squad
Air Support Center
P-47 Dive Bomb
Construct Motor Pool
Selects Strength in Steel
P-47 Strafing Run
M8 Greyhound Armored Car
M1 Anti-tank Gun Team
Selects M31 Recovery Vehicle
M31 Recovery Vehicle
Construct Tank Depot
P-47 Strafing Run
P-47 Dive Bomb
Selects M8 Scott SPG
P-47 Strafing Run
Selects UNKNOWN (2160077)
M4A3E8 Sherman Easy Eight
P-47 Dive Bomb
Sweet T
TraditionalHater
UH|ck
iceman
0
0

Comments sign in to comment!

No comments posted yet!